 Dungeon Crawl Stone Soup version 0.21.0-3-g78d12a8 (webtiles) character file.

2915 komo4ek the Conjurer (level 10, -1/70 HPs)
             Began as a Human Wizard on Jan 15, 2018.
             Was an Initiate of Vehumet.
             Slain by a hog (5 damage)
             ... on level 7 of the Dungeon.
             The game lasted 00:43:49 (12660 turns).

komo4ek the Conjurer (Human Wizard)                Turns: 12660, Time: 00:43:50

Health: -1/70      AC:  5    Str:  7    XL:     10   Next: 6%
Magic:  0/28       EV: 12    Int: 22    God:    Vehumet [......]
Gold:   373        SH:  0    Dex: 12    Spells: 8/22 levels left

rFire    . . .     SeeInvis .   G - +3 quarterstaff (chaos)
rCold    . . .     Gourm    .   (shield currently unavailable)
rNeg     . . .     Faith    .   a - +0 robe
rPois    .         Spirit   +   b - +0 hat
rElec    .         Reflect  .   H - +1 cloak
rCorr    .         Harm     .   i - +0 pair of gloves
MR       .....                  (no boots)
Stlth    ++........             L - amulet of guardian spirit
HPRegen  0.21/turn              P - ring of magical power
MPRegen  0.21/turn              n - ring of wizardry

@: no status effects
A: no striking features
a: Renounce Religion


You were on level 7 of the Dungeon.
You worshipped Vehumet.
Vehumet was noncommittal.
You were not hungry.

You visited 2 branches of the dungeon, and saw 9 of its levels.
You also visited: Sewer.

You collected 373 gold pieces.

Inventory:

Hand Weapons
 f - a +2 dagger of protection
 C - a +0 dagger of holy wrath
 G - a +3 quarterstaff of chaos (weapon)
Armour
 a - a +0 robe (worn)
 b - a +0 hat (worn)
 i - a +0 pair of gloves (worn)
 s - +0 fire dragon scales
 H - a +1 cloak (worn)
Magical Staves
 r - an uncursed staff of earth
Jewellery
 n - a ring of wizardry (right hand)
 L - an amulet of guardian spirit (around neck)
 P - a ring of magical power (left hand)
Wands
 B - a wand of random effects (16)
 O - a wand of polymorph (7)
Scrolls
 e - 6 scrolls of teleportation
 g - 4 scrolls of remove curse
 h - a scroll of amnesia {unknown}
 k - a scroll of fear {unknown}
 m - 8 scrolls of identify {unknown}
 q - a scroll of enchant armour {unknown}
 u - a scroll of noise {unknown}
 v - a scroll of immolation {unknown}
 y - a scroll of enchant weapon {unknown}
 z - a scroll of fog {unknown}
 D - a scroll of random uselessness {unknown}
 F - a scroll of magic mapping {unknown}
Potions
 d - a potion of haste {unknown}
 j - 2 potions of agility
 l - 2 potions of degeneration {unknown}
 o - a potion of berserk rage {unknown}
 t - a potion of lignification {unknown}
 w - 4 potions of flight
 A - a potion of brilliance {unknown}
 J - a potion of cancellation {unknown}
 K - a potion of curing {unknown}
 M - a potion of heal wounds {unknown}
Books
 c - a book of Minor Magic

   Spells                             Type                      Level
   a - Magic Dart                     Conjuration                  1
   b - Blink                          Translocation                2
   c - Call Imp                       Summoning                    2
   d - Slow                           Hexes                        2
   e - Conjure Flame                  Conjuration/Fire             3
   f - Mephitic Cloud                 Conjuration/Poison/Air       3
 x - a Young Poisoner's Handbook

   Spells                             Type                      Level
   a - Sting                          Conjuration/Poison           1
   b - Poisonous Vapours              Poison/Air                   2
   c - Mephitic Cloud                 Conjuration/Poison/Air       3
   d - Olgreb's Toxic Radiance        Poison                       4
   e - Venom Bolt                     Conjuration/Poison           5
 E - a book of Callings

   Spells                             Type                      Level
   a - Summon Small Mammal            Summoning                    1
   b - Call Imp                       Summoning                    2
   c - Call Canine Familiar           Summoning                    3
   d - Summon Guardian Golem          Hexes/Summoning              3
   e - Summon Lightning Spire         Summoning/Air                4
   f - Summon Ice Beast               Ice/Summoning                4
 N - a book of Air

   Spells                             Type                      Level
   a - Shock                          Conjuration/Air              1
   b - Swiftness                      Charms/Air                   2
   c - Static Discharge               Conjuration/Air              3
   d - Airstrike                      Air                          4
   e - Lightning Bolt                 Conjuration/Air              5


   Skills:
 - Level 3.2 Fighting
 - Level 0.2 Armour
 - Level 2.0 Dodging
 - Level 2.0 Stealth
 + Level 6.5 Spellcasting
 + Level 7.4 Conjurations
 * Level 5.2 Summonings
 - Level 1.0 Translocations
 + Level 6.1 Poison Magic


You had 8 spell levels left.
You knew the following spells:

 Your Spells              Type           Power        Failure   Level  Hunger
a - Magic Dart            Conj           ####         1%          1    None
b - Call Imp              Summ           ####....     1%          2    None
c - Blink                 Tloc           N/A          3%          2    None
d - Conjure Flame         Conj/Fire      ###.....     2%          3    #......
e - Mephitic Cloud        Conj/Pois/Air  ####....     1%          3    #......
f - Call Canine Familiar  Summ           ####....     1%          3    #......


Dungeon Overview and Level Annotations

Branches:
Dungeon (8/15)             Temple (1/1) D:6
   Lair: D:8-11

Altars:
Elyvilon
Fedhas
Gozag
Kikubaaqudgha
Nemelex Xobeh
Trog
Vehumet
Wu Jian
Yredelemnul
Zin
The Shining One

Shops:
D:5 }[?

Annotations:
D:4 Grinder
D:7 Joseph


Message History

There is a stone staircase leading down here.
Casting: Blink
Confirm with . or Enter, or press ? or * to list all spells.
Aiming: Magic Dart
Press: ? - help, Shift-Dir - straight line, f - hog
Aim: a hog (severely wounded)
The magic dart hits the hog.
The hog is severely wounded.
The hog bites you but does no damage. The hog bites you!
* * * LOW HITPOINT WARNING * * *
Unknown command.
The hog barely misses you. The hog bites you. The hog barely misses you.
The hog bites you.
* * * LOW HITPOINT WARNING * * *
The hog misses you. The hog closely misses you. The hog bites you!
You die...

###### #######....#
.....##....##########
.....''.............##
.....##..............############
................@ho..............
##.....##.[..........####.#######
#.....#############..# #.#
##.....##############.###.#######
.'.....'.................[.......
.#.....##############.###.#######
.#.....# #.............# .#######
#.##.##.###.... .# #.##..#.#
#.#.#


You could see a hog and an orc warrior.

Vanquished Creatures
  Pikel (D:7)
  Sigmund (D:5)
  2 hungry ghosts (D:7)
  The ghost of zkyp the Ruffian, an amateur TrFi (D:4)
  4 slaves
  A black bear (D:7)
  2 centaurs
  3 ogres
  4 bullfrogs
  The ghost of komo4ek the Covert, an amateur SpAs (D:3)
  A scorpion (D:5)
  4 wights
  An electric eel (D:8)
  A crimson imp (D:7)
  4 hounds
  A jelly (D:5)
  Crazy Yiuf (D:5)
  3 orc priests
  2 orc wizards
  An iguana (D:7)
  7 worker ants
  A merfolk siren (Sewer)
  A merfolk avatar (Sewer)
  A hound skeleton (D:5)
  4 adders
  A howler monkey skeleton (D:4)
  4 river rats
  A shadow imp (D:8)
  An ooze (D:1)
  An adder skeleton (D:7)
  4 dart slugs
  6 leopard geckos
  28 orcs
  12 giant cockroaches
  7 goblins
  7 hobgoblins
  4 jackals (D:1)
  10 kobolds
  A quokka (D:3)
  6 ball pythons (Sewer)
  7 bats
  5 frilled lizards
  A jackal zombie (D:6)
  28 rats
  A plant (D:8)
188 creatures vanquished.

Vanquished Creatures (collateral kills)
  Blork the orc (D:4)
  An adder (D:3)
  A river rat (D:4)
  2 worms (D:4)
  An orc (D:3)
  A goblin (D:2)
  A rat (Sewer)
8 creatures vanquished.

Vanquished Creatures (others)
  An orc (D:8)
  A quokka (D:5)
2 creatures vanquished.

Grand Total: 198 creatures vanquished

Notes
Turn   | Place    | Note
-------+----------+-------------------------------------------
     0 | D:1      | komo4ek the Human Wizard began the quest for the Orb.
     0 | D:1      | Reached XP level 1. HP: 13/13 MP: 4/4
   227 | D:1      | Reached XP level 2. HP: 17/19 MP: 4/6
   394 | D:1      | Reached skill level 2 in Conjurations
   589 | D:1      | Reached XP level 3. HP: 24/24 MP: 3/7
  1593 | D:2      | Learned a level 2 spell: Call Imp
  1596 | D:2      | Learned a level 2 spell: Blink
  1787 | D:2      | Reached XP level 4. HP: 30/30 MP: 6/9
  1863 | D:2      | Reached skill level 3 in Conjurations
  2436 | D:2      | Noticed an ice beast
  3258 | D:3      | Reached XP level 5. HP: 35/35 MP: 7/10
  3488 | D:3      | Found a blossoming altar of Fedhas.
  3489 | D:3      | Found an opulent altar of Gozag.
  3499 | D:3      | Found an ancient bone altar of Kikubaaqudgha.
  3500 | D:3      | Found a sparkling altar of Nemelex Xobeh.
  3501 | D:3      | Found a bloodstained altar of Trog.
  3504 | D:3      | Found an ornate altar of the Wu Jian Council.
  3571 | D:3      | Noticed komo4ek's ghost (amateur SpAs)
  3586 | D:3      | Killed komo4ek's ghost
  3586 | D:3      | Reached skill level 1 in Fighting
  3586 | D:3      | Reached skill level 4 in Conjurations
  3971 | D:4      | Reached XP level 6. HP: 13/44 MP: 5/12
  4317 | D:4      | Found a glowing drain.
  4416 | Sewer    | Entered a sewer
  5118 | Sewer    | Learned a level 3 spell: Conjure Flame
  5175 | D:4      | Noticed zkyp's ghost (amateur TrFi)
  5415 | D:4      | Noticed Blork the orc
  5428 | D:4      | Killed Blork the orc
  5428 | D:4      | Reached XP level 7. HP: 37/51 MP: 5/13
  5512 | D:4      | Noticed Grinder
  5564 | D:4      | Paralysed by Grinder for 4 turns
  5869 | D:4      | Killed zkyp's ghost
  5869 | D:4      | Reached skill level 5 in Conjurations
  6324 | D:5      | Entered Level 5 of the Dungeon
  6329 | D:5      | Learned a level 3 spell: Mephitic Cloud
  6335 | D:5      | Found Gihomiob's Magic Scroll Boutique.
  6606 | D:5      | Reached skill level 1 in Poison Magic
  6678 | D:5      | Noticed Sigmund
  6729 | D:5      | Killed Sigmund
  6729 | D:5      | Reached XP level 8. HP: 50/58 MP: 4/15
  6879 | D:5      | Found a runed door.
  7038 | D:5      | Found Qaenoun's Gadget Shoppe.
  7092 | D:5      | Found a white marble altar of Elyvilon.
  7226 | D:5      | Reached skill level 5 in Spellcasting
  7231 | D:5      | Found Goavoeh's Armour Shoppe.
  7837 | D:5      | Noticed Crazy Yiuf
  7844 | D:5      | Killed Crazy Yiuf
  7985 | D:6      | Found a staircase to the Ecumenical Temple.
  8015 | D:5      | Reached skill level 6 in Conjurations
  8975 | D:7      | Noticed Joseph
  8987 | D:7      | Reached XP level 9. HP: 51/64 MP: 3/17
  9304 | D:7      | Reached skill level 5 in Poison Magic
  9853 | D:7      | Noticed Pikel
 10330 | D:8      | Learned a level 3 spell: Call Canine Familiar
 10541 | D:7      | Killed Pikel
 10541 | D:7      | Reached skill level 7 in Conjurations
 11201 | Temple   | Entered the Ecumenical Temple
 11220 | Temple   | Became a worshipper of Vehumet
 11312 | D:8      | Noticed a two-headed ogre
 12359 | D:7      | Reached skill level 5 in Summonings
 12409 | D:7      | Reached XP level 10. HP: 58/70 MP: 1/19
 12641 | D:7      | HP: 1/70 [hog (11)]
 12650 | D:7      | HP: 1/70 [hog (1)]
 12660 | D:7      | Slain by a hog

Skill      XL: |  1  2  3  4  5  6  7  8  9 |
---------------+----------------------------+-----
Conjurations   | 2 3 4 5 6 7 |  7.4
Fighting       | 1 2 3 |  3.2
Spellcasting   | 4 5 6 |  6.5
Poison Magic   | 2 4 6 |  6.1
Summonings     | 5 |  5.2
Armour         | |  0.2
Dodging        | |  2.0
Stealth        | |  2.0
Translocations | |  1.0

Action                   |  1- 3 |  4- 6 |  7- 9 | 10-12 || total
-------------------------+-------+-------+-------+-------++-------
Melee: Unarmed           |    21 |       |       |       ||    21
       Dagger            |     7 |    38 |       |       ||    45
       Staff             |       |     1 |       |       ||     1
       Quarterstaff      |       |       |     4 |    28 ||    32
 Cast: Magic Dart        |    87 |   187 |   415 |    16 ||   705
       Call Imp          |     1 |    24 |    10 |       ||    35
       Blink             |       |     4 |     7 |     2 ||    13
       Conjure Flame     |       |       |    18 |     1 ||    19
       Mephitic Cloud    |       |       |    10 |       ||    10
       Call Canine Famil |       |       |     1 |       ||     1
Evoke: Wand              |       |       |     1 |       ||     1
  Use: Scroll            |       |     1 |     2 |       ||     3
  Eat: Ration            |     1 |     2 |     5 |     1 ||     9
       Chunk             |       |     6 |     2 |       ||     8
Armor: Robe              |    12 |    19 |    22 |     3 ||    56
Dodge: Dodged            |    36 |    57 |    80 |    14 ||   187
